Unix NetHack Version 5.0.0-0 post-release - last build Jul 19 2026 19:10:59 (3aa4ab31751d3886436d94b585a96704892fd477,branch:main).

Game began 2026-07-21 12:47:00, ended 2026-07-21 13:08:08.

Booker, lawful male human Knight

                                                                           ---
                                                                          --.|
                                                             ----         |..|
                                                  --.     ..--..|  .-------..|
                                               ---.)..    ......|  -.--.--...|
                                        --------...*...   -.....-  |.........|
                                        .....^...---.....|-#.....---.........|
                                        ...------- |...--#0#0-...............|
                                        -<.|       |...####* |............----
                                     ----.-        --.-|  #*# ...--...%...|
                                   --|.)..|         |..#0###-..^--  -....--
                              |.----.|.----         |.-##@......|   ------
                              .+...(...|            ---#r.......
                              ...^..----              ##.........---
                                ...--                 #..-#.|......|
                                                      ----  --.--..|
                                                             -------
Booker the Esquire       St:14 Dx:10 Co:12 In:8 Wi:17 Ch:17  Lawful S:640
Dlvl:4  $:22 HP:0(40) Pw:27(27) AC:-1 Xp:4/112 T:2176 

Latest messages:
 The giant ant bites!
 You miss the giant ant.
 The giant ant misses!
 The giant ant misses!
 You miss the giant ant.
 The giant ant misses!
 You miss the giant ant.
 The giant ant misses!
 You miss the giant ant.
 The giant ant bites!
 You kill the giant ant!
 You see here a giant ant corpse.
 You see here a giant ant corpse.
 There is a giant ant corpse here; eat it? [ynq] (n)
 Blecch!  Rotten food!
 You feel rather light headed.
 You feel less confused now.
 The goblin misses!
 You miss the goblin.
 The goblin misses!
 You miss the goblin.
 The goblin misses!
 You kill the goblin!
 You hit the bat.
 The bat misses!
 The bat misses!
 You kill the bat!
 You hear crashing rock.
 A gush of water hits you!
 The rabid rat bites!
 The rabid rat misses!
 The rabid rat bites!
 The rabid rat's bite was poisoned!
 The poison doesn't seem to affect you.
 The rabid rat bites!
 You miss the rabid rat.
 The rabid rat bites!
 You miss the rabid rat.
 The rabid rat misses!
 You miss the rabid rat.
 The rabid rat bites!
 You miss the rabid rat.
 The rabid rat just misses!
 You miss the rabid rat.
 The rabid rat bites!
 You miss the rabid rat.
 The rabid rat bites!
 You miss the rabid rat.
 The rabid rat bites!
 You die...

Inventory:
 Coins    ('$')
  $ - 22 gold pieces
 Weapons  (')')
  a - an uncursed +1 long sword (weapon in right hand)
  b - an uncursed +1 lance (alternate weapon; not wielded)
 Armor    ('[')
  d - an uncursed +0 helmet (being worn)
  f - an uncursed +0 pair of leather gloves (being worn)
  q - a blessed +0 pair of water walking boots (being worn)
  e - a blessed +2 small shield (being worn)
  r - an uncursed +0 alchemy smock with text "If we weren't meant to eat animals, why are they made out of meat?" (being worn)
  p - an uncursed +0 cloak of invisibility
  j - an uncursed +0 robe
  c - an uncursed +1 ring mail (being worn)
 Comestibles  ('%')
  g - 8 uncursed apples
  h - 11 uncursed carrots
  v - an uncursed food ration
  m - an uncursed fortune cookie
  x - an uncursed tripe ration
 Scrolls  ('?')
  s - an uncursed scroll of enchant armor
  A - an uncursed scroll of identify
  n - a blessed scroll of remove curse
 Potions  ('!')
  t - a cursed potion of speed
 Rings    ('=')
  w - an uncursed ring of searching (on left hand)

Booker the Knight's attributes:

Background:
 You were an Esquire, a level 4 male human Knight.
 You were lawful, on a mission for Lugh
 who was opposed by Brigit (neutral) and Manannan Mac Lir (chaotic).
 You were right-handed.
 You were in the Gnomish Mines, on level 4.
 You entered the dungeon 2176 turns ago.
 You had 112 experience points, 48 more were needed to attain level 5.
 Your score was 640 before end-of-game adjustments.

Basics:
 You had 0 out of 40 hit points.
 You had all 27 energy points (spell power).
 Your armor class was -1.
 Your wallet contained 22 zorkmids.
 Autopickup was on for '$%?!"=/' plus thrown, with exceptions.

Final Characteristics:
 Your strength was 14 (limit:18/100).
 Your dexterity was 10 (limit:18).
 Your constitution was 12 (limit:18).
 Your intelligence was 8 (limit:18).
 Your wisdom was 17 (limit:18).
 Your charisma was 17 (limit:18).

Final Status:
 You weren't hungry.
 You were unencumbered.
 You were wielding a long sword.
 You had basic skill with long sword.

Final Attributes:
 You were piously aligned.
 You were poison resistant.
 You were acid resistant.
 Your items were protected from acid.
 You had automatic searching.
 You could jump.
 You could walk on water.
 You were warded.
 Your spell casting was impaired by metallic armor.
 You were unlucky.
 You are dead.

Miscellaneous:
 You disabled loading and storing of bones levels.
 Total elapsed playing time was 21 minutes and 7 seconds.

Major events:
 Turn
    1: Booker the lawful male human Knight entered the dungeon
 1102: attained the rank of Esquire (level 3)
 1894: entered the Gnomish Mines
 2176: killed by a rabid rat

Spells:
 Name                 Level Category     Fail Retention
 identify               3   divination   100%  76%-100%

Skills:
 Fighting Skills
   bare handed combat [Unskilled]
   two weapon combat  [Unskilled]
   riding             [Basic]
 Weapon Skills
   dagger             [Unskilled]
   knife              [Unskilled]
   axe                [Unskilled]
   pick-axe           [Unskilled]
   short sword        [Unskilled]
   broadsword         [Unskilled]
   long sword         [Basic]
   two-handed sword   [Unskilled]
   saber              [Unskilled]
   club               [Unskilled]
   mace               [Unskilled]
   morning star       [Unskilled]
   flail              [Unskilled]
   hammer             [Unskilled]
   polearms           [Unskilled]
   spear              [Unskilled]
   trident            [Unskilled]
   lance              [Basic]
   bow                [Unskilled]
   crossbow           [Unskilled]
 Spellcasting Skills
   attack spells      [Unskilled]
   healing spells     [Unskilled]
   clerical spells    [Unskilled]

Voluntary challenges:
 Character rerolling was not enabled.
 You never genocided any monsters.
 You never polymorphed an object.
 You never changed form.
 You used no wishes.
Achievements:
 You entered a shop.
 You attained the rank of Esquire.
 You entered the Gnomish Mines.

 The Dungeons of Doom: levels 1 to 3
    Level 1:
    Level 2:
       An armor shop.
    Level 3:
       An altar, a fountain.
       Stairs down to The Gnomish Mines.
 The Gnomish Mines:
    Level 4: <- You were here.
       Final resting place for
          you, killed by a rabid rat.


Vanquished creatures:
  a pony
  a giant ant
  a manes
  2 cave spiders
  7 gnomes
  a gecko
  4 jackals
  3 goblins
  2 sewer rats
 11 grid bugs
  a bat
  3 lichens
  5 newts
42 creatures vanquished.

No species were genocided or became extinct.

Game over:
                       ----------
                      /          \
                     /    REST    \
                    /      IN      \
                   /     PEACE      \
                  /                  \
                  |      Booker      |
                  |      22 Au       |
                  |   killed by a    |
                  |    rabid rat     |
                  |                  |
                  |                  |
                  |       2026       |
                 *|     *  *  *      | *
        _________)/\\_//(\/(/\)/\//\/|_)_______

Fare thee well Booker the Knight...

You died in The Gnomish Mines on dungeon level 4 with 638 points,
and 22 pieces of gold, after 2176 moves.
You were level 4 with a maximum of 40 hit points when you died.

